 Dungeon Crawl Stone Soup version 0.24.0-13-gcf9b3192b9 (webtiles) character file.

Game seed: 4191520699270074731, levelgen mode: deterministic

109 Juodamirtis the Ruffian (level 4, -5/44 HPs)
             Began as a Troll Monk on Nov 5, 2019.
             Was a Believer of Wu Jian.
             Engulfed by Ijyb's poison gas (6 damage)
             ... on level 3 of the Dungeon.
             The game lasted 00:19:04 (1029 turns).

Juodamirtis the Ruffian (Troll Monk)                Turns: 1029, Time: 00:19:04

Health: -5/44      AC:  6    Str: 19    XL:     4   Next: 59%
Magic:  3/3        EV: 11    Int:  6    God:    Wu Jian [**....]
Gold:   22         SH:  0    Dex: 13    Spells: 3/3 levels left

rFire    . . .     SeeInvis .     - Unarmed
rCold    . . .     Gourm    +   (no shield)
rNeg     . . .     Faith    .   a - +0 robe
rPois    .         Spirit   .   (helmet restricted)
rElec    .         Reflect  .   (no cloak)
rCorr    .         Harm     .   (gloves unavailable)
MR       .....                  (boots unavailable)
Stlth    +.........             (no amulet)
HPRegen  0.54/turn              (no ring)
MPRegen  0.08/turn              (no ring)

@: confused, lethally poisoned (-5 -> -71)
A: large, unfitting armour, claws 3, fast metabolism 3, gourmand, regeneration
1, shaggy fur 1, tough skin 3
a: Wall Jump, Renounce Religion


You were on level 3 of the Dungeon.
You worshipped Wu Jian.
Wu Jian was pleased with you.
You were full.

You visited 1 branch of the dungeon, and saw 3 of its levels.

You collected 22 gold pieces.

Inventory:

Hand Weapons
 k - a +1 dagger of speed
Missiles
 i - 57 stones (quivered)
Armour
 a - a +0 robe (worn)
Scrolls
 d - 2 scrolls of teleportation {unknown}
Potions
 c - 3 potions of curing {unknown}
 l - a potion of haste {unknown}
Comestibles
 b - 6 rations
 h - 3 chunks of flesh


   Skills:
 + Level 2.8 Fighting
 + Level 0.1 Throwing
 + Level 3.1 Dodging
 + Level 1.3 Stealth
 + Level 4.1 Unarmed Combat


You had 3 spell levels left.
You didn't know any spells.
Your spell library was empty.

Dungeon Overview and Level Annotations

Branches:
Dungeon (3/15)

Altars:
Ashenzari
Wu Jian

Annotations:
D:3 Ijyb


Innate Abilities, Weirdness & Mutations

You are too large for most types of armour.
You have claws for hands.
Your metabolism is lightning-fast.
You like to eat raw meat.
Your natural rate of healing is unusually fast.
You are covered in fur. (AC +1)
You have extremely tough skin. (AC +3)


Message History

Ijyb hits you but does no damage.
You barely miss Ijyb.
Ijyb is heavily wounded.
You are engulfed in poison gas.
You are more poisoned.
* * * LOW HITPOINT WARNING * * *
You feel very sick.
Ijyb zaps a wand.
Ijyb creates a blast of freezing vapour!
You bump into the rock wall.
You are engulfed in poison gas.
You are more poisoned.
* * * LOW HITPOINT WARNING * * *
x2 You feel very sick.
Ijyb zaps a wand.
Ijyb creates a blast of poison gas!
The now-empty wand crumbles to dust.
You scratch Ijyb but do no damage.
Ijyb is heavily wounded.
You are engulfed in poison gas.
You are more poisoned.
You die...

#.....# #.##.....## *,
#..#### #.###...## *,
#..# #.# *#+## *,
#..######.###*,* **
#............,,*** *
##.##.#######,,,,* *
#.##.# *...,,,*,* *
#.##§###.#*,,,,,*******
#..§§§@g○#**,,,,,,,,,,,
####§##### *,,*********
#.# *,** #.#******,*
#..,,,,,,,* ###********


You could see Ijyb.

Vanquished Creatures
  Jessica (D:3)
  5 oozes (D:1)
  3 worms
  3 leopard geckos
  A ball python (D:1)
  3 bats
  4 giant cockroaches
  5 hobgoblins
  5 jackals (D:1)
  3 kobolds (D:1)
  2 quokkas (D:2)
  2 frilled lizards
  5 goblins
  7 rats
49 creatures vanquished.

Notes
Turn   | Place    | Note
-------+----------+-------------------------------------------
     0 | D:1      | Juodamirtis the Troll Monk began the quest for the Orb.
     0 | D:1      | Reached XP level 1. HP: 22/22 MP: 0/0
     1 | D:1      | Found a runed translucent door.
    50 | D:1      | Reached XP level 2. HP: 26/29 MP: 1/1
   313 | D:1      | Reached XP level 3. HP: 32/36 MP: 2/2
   549 | D:2      | Found a shattered altar of Ashenzari.
   697 | D:2      | Reached XP level 4. HP: 44/44 MP: 3/3
   771 | D:2      | Found an ornate altar of the Wu Jian Council.
   778 | D:2      | Became a worshipper of the Wu Jian Council
   778 | D:2      | Reached * piety under Wu Jian
   778 | D:2      | Reached ** piety under Wu Jian
   907 | D:3      | Noticed Jessica
   911 | D:3      | Killed Jessica
   911 | D:3      | Reached skill level 4 in Unarmed Combat
  1007 | D:3      | Noticed Ijyb
  1028 | D:3      | HP: 1/44 [poisoned by Ijyb (poison gas)]
  1029 | D:3      | Engulfed by Ijyb's poison gas

Levels and vault maps discovered:
D:1:      dpeg_arrival_caged_fury, layout_rooms
D:2:      layout_rooms, lemuel_round_altar, lemuel_doored_altar,
          minmay_pentomino_o2
D:3:      layout_loops_corners, uniq_jessica, uniq_ijyb

Skill      XL: |  1  2  3  4 |
---------------+-------------+-----
Dodging        | 3 |  3.1
Unarmed Combat | 4 |  4.1
Fighting       | |  2.8
Throwing       | |  0.1
Stealth        | |  1.3

Action                   |  1- 3 |  4- 6 || total
-------------------------+-------+-------++-------
Melee: Unarmed           |    91 |    39 ||   130
       Punch             |     1 |       ||     1
Throw: Stone             |     8 |     4 ||    12
Invok: Lunge             |       |     2 ||     2
       Whirlwind         |       |     1 ||     1
  Use: Potion            |     1 |       ||     1
       Scroll            |       |     4 ||     4
 Stab: Sleeping          |     1 |     2 ||     3
       Distracted        |     1 |       ||     1
  Eat: Chunk             |    11 |     1 ||    12
Armor: Robe              |    36 |    14 ||    50
Dodge: Dodged            |    49 |    16 ||    65
